 Dungeon Crawl Stone Soup version 0.19-a0-1886-gd64a0f0 (webtiles) character file.

289 Eniamerus the Covert (level 6, 0/30 HPs)
             Began as a Spriggan Assassin on Oct 15, 2016.
             Succumbed to a worker ant's poison
             ... on level 4 of the Dungeon.
             The game lasted 00:07:39 (3997 turns).

Eniamerus the Covert (Spriggan Assassin)            Turns: 3997, Time: 00:07:40

Health: 0/30       AC:  3    Str: 11    XL:     6   Next: 9%
Magic:  7/7        EV: 17    Int: 12    God:
Gold:   150        SH:  0    Dex: 20    Spells: 0 memorised, 5 levels left

rFire  + . .     SeeInvis +     a - +2 dagger
rCold  + . .     Gourm    .     c - +0 robe
rNeg   . . .     Faith    +     (shield restricted)
rPois  +         Spirit   .     (helmet restricted)
rElec  +         Dismiss  .     d - +0 cloak
rCorr  +         Reflect  .     (gloves unavailable)
MR     +....     Harm     .     (boots unavailable)
Stlth  +++++.....               r - amulet of faith
                                (no ring)
                                t - +4 ring of strength

@: lethally poisoned (0 -> -3), resistant, very quick
A: unfitting armour, see invisible, herbivore 3, speed 3, slow metabolism 2
a: no special abilities


You were on level 4 of the Dungeon.
You were not hungry.

You visited 1 branch of the dungeon, and saw 4 of its levels.

You collected 150 gold pieces.

Inventory:

Hand Weapons
 a - a +2 dagger (weapon)
 b - a +0 blowgun
 l - a +0 whip of electrocution
 x - a +1 dagger of protection
Missiles
 e - 22 poisoned needles
 f - 2 curare-tipped needles
Armour
 c - a +0 robe (worn)
 d - a +0 cloak (worn)
Jewellery
 o - an uncursed ring of fire
 r - an amulet of faith (around neck)
 s - an uncursed amulet of harm {unknown}
 t - a +4 ring of strength (left hand)
Wands
 w - a wand of random effects (48/48)
Scrolls
 i - 2 scrolls of teleportation
 k - a scroll of fear
Potions
 h - 2 potions of agility
 n - 3 potions of flight
Comestibles
 g - 3 bread rations
 u - a royal jelly


   Skills:
 - Level 1.5 Fighting
 - Level 2.1 Short Blades
 - Level 2.0 Throwing
 - Level 1.5 Dodging
 + Level 11.1 Stealth


You had 5 spell levels left.
You didn't know any spells.

Dungeon Overview and Level Annotations

Branches:
Dungeon (4/15)
 Temple: D:4-7

Altars:
Ashenzari
Makhleb

Annotations:
D:3 Nuatha's ghost, amateur SpAK


Innate Abilities, Weirdness & Mutations

You are very small and have problems with some larger weapons.
You are too small for most types of armour.
You have supernaturally acute eyesight. (SInv)
You are a herbivore.
You cover ground extremely quickly.
You need consume almost no food.


Message History

You hit the worker ant but do no damage.
The worker ant is heavily wounded.
The worker ant bites you.
* * * LOW HITPOINT WARNING * * *
You hit the worker ant but do no damage.
The worker ant is heavily wounded.
You feel sick. The worker ant bites you.
* * * LOW HITPOINT WARNING * * *
You hit the worker ant but do no damage.
The worker ant is heavily wounded.
The worker ant closely misses you.
You closely miss the worker ant.
The worker ant is heavily wounded.
You feel less woody.
Your +0 cloak unmelds from your body.
Your +0 robe unmelds from your body.
The worker ant bites you.
* * * LOW HITPOINT WARNING * * *
You hit the worker ant but do no damage.
The worker ant is heavily wounded.
You die...

...## #.......# .# ....#
#.......# ##.# ....#
#.......# #... ....#
#.......# #..#### ....#
#.......###..../.. ....#
#.......##.†#
....###...........# #
...............#.###...#
.........#.##...@....#
....##...#.##....a...#
.......#.............#
...#..####.##........#
...##...##.####...##.#
............ ?.... ...
##...##....## ..#.. .##
##..# ##... ... ... #
#..# ##..


You could see a worker ant.

Vanquished Creatures
  Sigmund (D:3)
  Ijyb (D:3)
  4 adders (D:2)
  An ooze (D:3)
  2 worms
  A dart slug (D:1)
  A leopard gecko (D:4)
  2 orcs (D:3)
  2 giant cockroaches
  7 goblins
  7 hobgoblins
  4 jackals
  2 quokkas (D:2)
  A ball python (D:1)
  5 bats
  8 frilled lizards
  8 kobolds
  A quokka skeleton (D:3)
  8 rats
66 creatures vanquished.

Notes
Turn   | Place    | Note
-------+----------+-------------------------------------------
     0 | D:1      | Eniamerus the Spriggan Assassin began the quest for the Orb.
     0 | D:1      | Reached XP level 1. HP: 10/10 MP: 2/2
    35 | D:1      | Reached skill level 6 in Stealth
   280 | D:1      | Reached XP level 2. HP: 14/14 MP: 3/3
   736 | D:1      | Reached skill level 7 in Stealth
   898 | D:2      | Reached XP level 3. HP: 15/18 MP: 4/4
  1297 | D:2      | Reached skill level 8 in Stealth
  1770 | D:2      | Reached XP level 4. HP: 7/22 MP: 5/5
  2299 | D:3      | Noticed Ijyb
  2304 | D:3      | Killed Ijyb
  2304 | D:3      | Reached skill level 9 in Stealth
  2677 | D:3      | Found a shattered altar of Ashenzari.
  2683 | D:3      | Found a burning altar of Makhleb.
  2720 | D:3      | Noticed Nuatha's ghost (amateur SpAK)
  3580 | D:3      | Noticed Sigmund
  3590 | D:3      | Killed Sigmund
  3590 | D:3      | Reached skill level 11 in Stealth
  3590 | D:3      | Reached XP level 5. HP: 25/25 MP: 6/6
  3590 | D:3      | Reached XP level 6. HP: 30/30 MP: 7/7
  3996 | D:4      | HP: 1/30 [worker ant (4)]
  3997 | D:4      | Succumbed to a worker ant's poison

Vault maps used:
D:1:      onia_arrival_handbag
D:2:      first_bread, roderic_serpentine_path
D:3:      grunt_temple_overflow_open, fountainhead, minmay_misc_feat_rows,
          uniq_crazy_yiuf_cottage, uniq_iyjb, uniq_sigmund

Skill      XL: |  1  2  3  4 |
---------------+-------------+-----
Stealth        | 6 7 8 11 | 11.1
Fighting       | |  1.5
Short Blades   | |  2.1
Throwing       | |  2.0
Dodging        | |  1.5

Action                   |  1- 3 |  4- 6 || total
-------------------------+-------+-------++-------
Melee: Dagger            |   109 |   130 ||   239
       Whip              |    14 |       ||    14
 Fire: Blowgun           |       |     2 ||     2
  Use: Scroll            |       |     9 ||     9
       Potion            |       |     4 ||     4
 Stab: Sleeping          |    15 |     4 ||    19
  Eat: Royal jelly       |       |     1 ||     1
Armor: Robe              |     7 |    16 ||    23
       Skin              |       |     8 ||     8
Dodge: Dodged            |    77 |    98 ||   175
